 Dungeon Crawl Stone Soup version 0.30-a0-297-g0ec75d9ef4 (webtiles) character file.

Game seed: 12564212957140801490

3690 glaedl the Covert (level 10, -4/66 HPs)
             Began as an Octopode Conjurer on Oct 20, 2022.
             Was a Follower of Fedhas.
             Slain by a vampire (7 damage)
             ... on level 7 of the Dungeon.
             The game lasted 00:17:19 (9121 turns).

glaedl the Covert (Octopode Conjurer)               Turns: 9121, Time: 00:17:19

Health: -4/66      AC:  1    Str:  8    XL:     10   Next: 13%
Magic:  2/17       EV: 20    Int: 24    God:    Fedhas [*.....]
Gold:   357        SH:  0    Dex: 16    Spells: 16/19 levels left

rFire   . . .      SeeInvis .    k - +1 short sword (venom)
rCold   . . .      Faith    .    (no shield)
rNeg    + . .      Spirit   .    (helmet restricted)
rPois   .          Reflect  .    (no amulet)
rElec   .          Harm     .    j - +4 ring of evasion
rCorr   .          Rampage  .    s - +6 ring of dexterity
Will    +....                    c - ring of positive energy
Stlth   ++++++....               F - ring of willpower
HPRegen 0.31/turn                (no ring)
MPRegen 0.15/turn                (no ring)
                                 (no ring)
                                 (no ring)

@: invisible
A: almost no armour, amphibious, 8 rings, camouflage 1, gelatinous body 1,
(nimble swimmer 1), tentacles
a: Renounce Religion


You were on level 7 of the Dungeon.
You worshipped Fedhas.
Fedhas was aware of your devotion.
You visited 2 branches of the dungeon, and saw 8 of its levels.

You collected 357 gold pieces.

Inventory:

Hand Weapons
 k - a +1 short sword of venom (weapon)
Jewellery
 c - a ring of positive energy (on tentacle)
 j - a +4 ring of evasion (left tentacle)
 s - a +6 ring of dexterity (right tentacle)
 v - a ring of fire
 F - a ring of willpower (on tentacle)
Wands
 l - a wand of digging (5)
Scrolls
 f - a scroll of fog
 h - 2 scrolls of enchant weapon
 i - a scroll of poison {unknown}
 q - 4 scrolls of noise {unknown}
 u - a scroll of summoning {unknown}
 x - a scroll of torment {unknown}
 y - 2 scrolls of fear {unknown}
 B - a scroll of vulnerability {unknown}
 E - 2 scrolls of brand weapon {unknown}
 H - a scroll of identify
Potions
 a - 3 potions of magic
 b - a potion of cancellation
 d - 3 potions of ambrosia
 e - 2 potions of lignification {unknown}
 g - a potion of curing
 m - 2 potions of mutation {unknown}
 n - a potion of brilliance {unknown}
 o - a potion of degeneration {unknown}
 p - a potion of flight {unknown}
 r - a potion of resistance {unknown}
 t - a potion of haste {unknown}
 w - 2 potions of might
 z - 2 potions of attraction {unknown}
 C - a potion of invisibility
 D - 4 potions of heal wounds {unknown}
 I - a potion of berserk rage {unknown}


   Skills:
 + Level 5.0 Fighting
 + Level 5.7 Dodging
 * Level 11.1 Stealth
 + Level 5.2 Spellcasting
 * Level 8.7 Conjurations


You had 16 spell levels left.
You knew the following spells:

 Your Spells              Type           Power      Damage    Failure   Level
a - Magic Dart            Conj           100%       1d8       1%          1
b - Searing Ray           Conj           96%        2d7       1%          2

Your spell library contained the following spells:

 Spells                   Type           Power      Damage    Failure   Level
 Dazzling Flash           Conj/Hex       54%        N/A       4%          3
 Sublimation of Blood     Necr           6%         N/A       13%         2
 Wereblood                Tmut           6%         N/A       13%         2
 Fulminant Prism          Conj/Hex       13%        3d9       14%         4
 Iskenderun's Mystic Bla  Conj/Tloc      27%        2d7       14%         4
 Ozocubu's Armour         Ice            6%         N/A       26%         3
 Metabolic Englaciation   Hex/Ice        3%         N/A       94%         5
 Simulacrum               Ice/Necr       3%         N/A       100%        6
 Summon Hydra             Summ           3%         N/A       100%        7


Dungeon Overview and Level Annotations

Branches:
Dungeon (7/15)             Temple (1/1) D:4

Altars:
Cheibriados
Dithmenos
Fedhas
Gozag
Kikubaaqudgha
Makhleb
Nemelex Xobeh
Qazlal
Ru
Sif Muna
Trog
Uskayaw
Wu Jian
Xom
Yredelemnul
The Shining One

Annotations:
D:5 1 runed translucent door, Crazy Yiuf
D:7 1 transporter


Innate Abilities, Weirdness & Mutations

You cannot wear most types of armour.
You are amphibious.
You can wear up to eight rings at the same time.
Your skin changes colour to match your surroundings (Stealth+).
Your rubbery body absorbs attacks. (AC +1, EV +1)
((You are camouflaged when in or above water. (Stealth+)))
You have tentacles for arms and can constrict up to eight enemies at once.


Message History

The magic dart hits the gnoll sergeant.
The gnoll sergeant is severely wounded.
The gnoll sergeant drinks a potion.
The gnoll sergeant seems to grow stronger.
The magic dart hits the gnoll sergeant but does no damage.
The gnoll sergeant is severely wounded.
The gnoll sergeant throws a stone.
The stone hits you.
Aiming: Searing Ray (safe; 1% risk of failure)
Press: ? - help, Q - select action, (/) - cycle Shift-Dir - straight line, p - gnoll sergeant The searing ray hits the gnoll sergeant.
The gnoll sergeant is almost dead. (Press . to maintain the ray.)
The gnoll sergeant hits you from afar with a +0 spear.
The searing ray hits the gnoll sergeant.
You kill the gnoll sergeant!
Fedhas appreciates your contribution to the ecosystem.
The searing ray hits something but does no damage.
The searing ray hits something.
The searing ray hits something.
You finish channelling your searing ray.
Something closely misses you. Something bites you.
Something draws strength from your injuries!
Something closely misses you. Something barely misses you.
You barely miss something. Something closely misses you. Something bites you!
Something draws strength from your injuries!
You hit something. Something hits you! Something bites you!
* * * LOW HITPOINT WARNING * * *
Something draws strength from your injuries!
You hit something but do no damage. You squeeze something.
Something barely misses you. x2
You barely miss something. Something hits you!
* * * LOW HITPOINT WARNING * * *
Something bites you!
* * * LOW HITPOINT WARNING * * *
Something draws strength from your injuries!
You don't have enough magic to cast this spell.
You fade into invisibility!
Something barely misses you. Something bites you!
You die...
Fedhas appreciates your contribution to the ecosystem.

#####....# ###.|......#
.##........# ♣♣ #
.''........## ..♣..
.##......#..# .....
.##########.# ...... .#
#.## ##......
.##########..######..#....
.........÷......@{)....)..
######)#####.######...####
# #..# #.# #...# #
####)####.## #...### ##. #
####.####..#####†....##....
#
##.).).##......'.....'.....
#
##.....####.####.....##.#..
##.._..##
#.######..........#
##.....##
#...####)....(.....


There were no monsters in sight!

Vanquished Creatures
  An ugly thing (D:7)
  A deep elf pyromancer (D:7)
  A shadow (D:7)
  A vampire mosquito (D:7)
  3 water moccasins
  An orc warrior (D:7)
  2 sky beasts (D:7)
  3 black bears
  2 ice beasts
  3 ogres
  A phantom (D:6)
  2 necrophages (D:5)
  A kobold brigand (D:7)
  A gnoll sergeant (D:7)
  3 scorpions (D:5)
  2 howler monkeys
  A jelly (D:6)
  4 hounds
  An orc priest (D:5)
  A gnoll bouda (D:7)
  Natasha (thrice) (D:3)
  3 orc wizards
  Robin (D:2)
  9 gnolls
  10 adders
  A white imp (D:5)
  2 ufetubi
  3 worms
  2 dart slugs
  21 orcs
  7 ball pythons
  5 bats
  2 endoplasms
  3 giant cockroaches
  15 goblins
  16 hobgoblins
  A jackal (D:1)
  8 kobolds
  4 quokkas
  3 frilled lizards
  7 rats
  A spectral orc (D:5)
162 creatures vanquished.

Vanquished Creatures (others)
  14 plants
14 creatures vanquished.

Grand Total: 176 creatures vanquished

Notes
Turn   | Place    | Note
-------+----------+-------------------------------------------
     0 | D:1      | glaedl the Octopode Conjurer began the quest for the Orb.
     0 | D:1      | Reached XP level 1. HP: 11/11 MP: 3/3
   222 | D:1      | Reached skill level 3 in Stealth
   239 | D:1      | Reached XP level 2. HP: 17/17 MP: 3/5
   724 | D:1      | Learned a level 2 spell: Searing Ray
   859 | D:1      | Reached XP level 3. HP: 21/21 MP: 3/6
  1374 | D:2      | Noticed Natasha
  1636 | D:2      | You fall into a shaft and drop 1 floor!
  1668 | D:3      | Reached skill level 4 in Stealth
  1671 | D:3      | Reached XP level 4. HP: 27/27 MP: 1/7
  1736 | D:3      | Killed Natasha
  1737 | D:3      | Reached skill level 1 in Fighting
  2109 | D:2      | Reached XP level 5. HP: 33/33 MP: 5/8
  2115 | D:2      | Noticed Robin
  2129 | D:2      | Killed Robin
  2804 | D:3      | Found a faded altar of an unknown god.
  2837 | D:3      | Noticed Natasha
  2843 | D:3      | Killed Natasha
  2899 | D:3      | Reached skill level 5 in Stealth
  3070 | D:3      | Noticed Natasha
  3079 | D:3      | Killed Natasha
  3080 | D:3      | Reached skill level 5 in Conjurations
  3364 | D:3      | Reached XP level 6. HP: 38/38 MP: 4/10
  3444 | D:3      | Identified the +0 ring mail of Gekext {+Blink Dex+5}
  3618 | D:3      | Found a snail-covered altar of Cheibriados.
  3991 | D:4      | Found a shadowy altar of Dithmenos.
  4127 | D:4      | Found a stormy altar of Qazlal.
  4159 | D:4      | Found a staircase to the Ecumenical Temple.
  4404 | D:4      | Reached skill level 6 in Stealth
  4404 | D:4      | Reached XP level 7. HP: 45/45 MP: 4/11
  4877 | D:5      | Entered Level 5 of the Dungeon
  5318 | D:5      | Found a sacrificial altar of Ru.
  5318 | D:5      | Found a shimmering blue altar of Sif Muna.
  5335 | D:5      | Reached skill level 7 in Stealth
  5687 | D:5      | Reached XP level 8. HP: 49/51 MP: 8/13
  6005 | D:5      | Found a runed translucent door.
  6006 | D:5      | Noticed Crazy Yiuf
  6029 | D:5      | Found a basalt altar of Yredelemnul.
  6291 | Temple   | Entered the Ecumenical Temple
  6414 | Temple   | Became a worshipper of Fedhas Madash
  6656 | D:6      | Found a sparkling altar of Nemelex Xobeh.
  6819 | D:6      | Reached skill level 8 in Stealth
  7172 | D:6      | Identified the +1 leather armour "Umiemas" {Str-2 Int+2
                  | Dex+3}
  7361 | D:7      | Noticed a two-headed ogre
  7430 | D:7      | Found a transporter.
  7522 | D:7      | Reached skill level 9 in Stealth
  7522 | D:7      | Reached XP level 9. HP: 38/58 MP: 9/15
  7921 | D:7      | Reached * piety under Fedhas
  7930 | D:7      | Reached skill level 5 in Dodging
  7959 | D:7      | Noticed a deep elf pyromancer
  8084 | D:7      | Found a hide-covered altar of Uskayaw.
  8115 | D:7      | Killed a deep elf pyromancer
  8116 | D:7      | Reached skill level 10 in Stealth
  8391 | D:7      | Noticed a green ugly thing
  8703 | D:7      | Killed a green ugly thing
  8704 | D:7      | Reached skill level 5 in Spellcasting
  8704 | D:7      | Reached XP level 10. HP: 4/65 MP: 6/17
  9007 | D:7      | Reached skill level 5 in Fighting
  9007 | D:7      | Reached skill level 11 in Stealth
  9120 | D:7      | HP: 3/66 [something (7)]
  9121 | D:7      | Slain by a vampire

Illustrated notes

Levels and vault maps discovered:
D:1:      dpeg_arrival_brainrot, layout_loops_corners
D:2:      layout_rooms, serial_bayou, serial_bayou_shore_a, serial_bayou_pond_e,
          serial_bayou_lagoon_b, serial_bayou_shore_b, uniq_robin, uniq_natasha
D:3:      layout_basic, chei_slow_surprise, serial_glass, glass_columns_b,
          glass_columns_a, glass_columns_a, glass_columns_a, glass_columns_b,
          glass_columns_b, glass_columns_a, glass_columns_b, glass_columns_a,
          glass_columns_c, feat_on_display, minmay_strange_pillars,
          ebering_ecumenical_altar_mist, minmay_liquid_box,
          minmay_misc_feat_square, minmay_starry_boxes
D:4:      minmay_evil_eye, layout_rooms, nicolae_qazlal_scattered_showers,
          grunt_dithmenos_smoke, minmay_temple_entry_statues_fountains,
          roderic_lattice_a, chequers_serial_rivers_micro_d
D:5:      layout_loops_ring, yredelemnul_forgotten_temple_becter,
          mainiacjoe_overflow_catwalk_spiral, uniq_crazy_yiuf_cottage
D:6:      layout_basic, mainiacjoe_overflow_alcove_4, chequers_jeans
D:7:      layout_basic, nicolae_uskayaw_dance_studio,
          gammafunk_temple_overflow_arena, kennysheep_nub,
          minmay_shattered_shrine
Temple:   hellmonk_temple_of_storms

Skill      XL: |  1  2  3  4  5  6  7  8  9 10 |
---------------+-------------------------------+-----
Stealth        | 3 4 5 6 7 9 10 11 | 11.1
Fighting       | 1 2 3 4 5 |  5.0
Conjurations   | 5 6 7 8 |  8.7
Dodging        | 3 4 5 |  5.7
Spellcasting   | 3 4 5 |  5.2

Action                   |  1- 3 |  4- 6 |  7- 9 | 10-12 || total
-------------------------+-------+-------+-------+-------++-------
Melee: Unarmed           |     7 |       |       |       ||     7
       Tentacles         |     2 |    20 |    31 |     1 ||    54
       Constrict         |     3 |    23 |    20 |       ||    46
       Short sword       |     2 |    72 |   100 |     4 ||   178
       Dagger            |     2 |       |       |       ||     2
       Punch             |       |     1 |     3 |       ||     4
 Cast: Magic Dart        |    48 |    83 |   130 |    15 ||   276
       Searing Ray       |     4 |    12 |    16 |     3 ||    35
Evoke: Wand              |       |       |     9 |       ||     9
  Use: Scroll            |       |       |    10 |       ||    10
       Potion            |       |       |     4 |     1 ||     5
 Stab: Invisible         |       |       |     1 |       ||     1
Armor: Skin              |       |     1 |     5 |       ||     6
Dodge: Dodged            |     6 |    54 |   112 |    11 ||   183

Table legend: (Time is in decaauts)
 A = Elapsed time spent in this place.
 B = Non-inter-level travel time spent in this place.
 C = Inter-level travel time spent in this place.
 D = Time resting spent in this place.
 E = Time spent auto-exploring this place.
 F = Levels seen in this place.
 G = Mean time per level.
                   A        B        C        D        E       F      G
               +--------+--------+--------+--------+--------+-----+--------+
         Total |   9136 |   8728 |    408 |   1214 |   6417 |   8 | 1142.0 |
       Dungeon |   9037 |   8655 |    382 |   1214 |   6390 |   7 | 1291.0 |
        Temple |     99 |     73 |     26 |      0 |     27 |   1 |   99.0 |
               +--------+--------+--------+--------+--------+-----+--------+

Top non-repeatable levels by time:
     D:7: 1771 daAuts
     D:5: 1666 daAuts
     D:3: 1542 daAuts
     D:1: 1352 daAuts
     D:4: 1176 daAuts
     D:2: 889 daAuts
     D:6: 638 daAuts
  Temple: 99 daAuts
